 Dungeon Crawl Stone Soup version 0.32-a0-132-g2d33c3cfaf (webtiles) character file.

Game seed: 10566841151311541784

277 mandarbmax the Cutter (level 6, -1/38 HPs)
             Began as a Kobold Fighter on Feb 10, 2024.
             Slain by an iron imp (8 damage)
             ... summoned by Eustachio
             ... on level 4 of the Dungeon.
             The game lasted 00:07:43 (2584 turns).

mandarbmax the Cutter (Kobold Fighter)              Turns: 2584, Time: 00:07:44

Health: -1/38      AC:  9    Str: 13      XL:     6   Next: 50%
Magic:  6/6        EV: 11    Int: 10      God:
Gold:   31         SH:  5    Dex: 14 (16) Spells: 5/5 levels left

rFire   . . .        m - +1 dagger (speed)
rCold   . . .        c - +0 buckler
rNeg    . . .        b - +0 scale mail
rPois   +            v - +0 helmet
rElec   .            (no cloak)
rCorr   .            (no gloves)
SInv    .            f - +0 pair of boots
Will    .....        (no amulet)
Stlth   +            d - ring of poison resistance
HPRegen 0.26/turn    (no ring)
MPRegen 0.10/turn

%: no passive effects
@: mighty
A: small, no large weapons, nightstalker 3
a: no special abilities


You were on level 4 of the Dungeon.
You visited 1 branch of the dungeon, and saw 4 of its levels.

You collected 208 gold pieces.
You spent 177 gold pieces at shops.

Inventory:

Hand Weapons
 a - a +0 rapier
 m - a +1 dagger of speed (weapon)
Missiles
 s - a poisoned dart (quivered)
Armour
 b - a +0 scale mail (worn)
 c - a +0 buckler (worn)
 f - a +0 pair of boots (worn)
 v - a +0 helmet (worn)
Jewellery
 d - a ring of poison resistance (left hand)
Scrolls
 g - a scroll of fear
 i - a scroll of noise
 k - a scroll of revelation
 n - a scroll of vulnerability
 p - a scroll of amnesia {unknown}
 q - a scroll of blinking
 w - a scroll of immolation {unknown}
Potions
 e - a potion of ambrosia {unknown}
 h - a potion of heal wounds
 j - 4 potions of mutation {unknown}
 l - a potion of curing
 o - a potion of degeneration {unknown}
 u - a potion of enlightenment {unknown}


   Skills:
 - Level 4.0 Fighting
 * Level 5.9 Short Blades
 - Level 3.0 Armour
 + Level 3.0 Dodging
 - Level 3.0 Shields


You had 5 spell levels left.
You didn't know any spells.
Your spell library contained the following spells:

 Spells                   Type           Power      Damage    Failure   Level
 Volatile Blastmotes      Fire/Tloc      0%         2d10      100%        3
 Brom's Barrelling Bould  Conj/Erth      0%         2d3       100%        4
 Fulminant Prism          Conj/Alch      0%         3d5       100%        4
 Iskenderun's Mystic Bla  Conj/Tloc      0%         2d3       100%        4
 Fireball                 Conj/Fire      0%         3d3       100%        5
 Iskenderun's Battlesphe  Conj           0%         2d6       100%        5
 Conjure Ball Lightning   Conj/Air       0%         3x3d6     100%        6
 Orb of Destruction       Conj           0%         9d5       100%        7


Dungeon Overview and Level Annotations

Branches:
Dungeon (4/15)
 Temple: D:4-7

Altars:
Gozag
Ru

Shops:
D:1 [   D:2 !   D:3 (   D:4 [

Annotations:
D:4 Eustachio


Innate Abilities, Weirdness & Mutations

You are small and have problems with some larger weapons.
You are completely attuned to the shadows.


Message History

You hit Eustachio but do no damage.
Eustachio is moderately wounded.
Eustachio mumbles some strange words.
You hit Eustachio.
Eustachio is moderately wounded.
The iron imp hits you.
You miss Eustachio.
Eustachio is moderately wounded.
Eustachio misses you.
You hit Eustachio but do no damage.
Eustachio is moderately wounded.
The iron imp hits you but does no damage.
You block Eustachio's attack.
You barely miss Eustachio.
Eustachio is moderately wounded.
You hit Eustachio.
Eustachio is moderately wounded.
You block Eustachio's attack. The iron imp hits you.
You hit Eustachio.
Eustachio is heavily wounded.
You hit Eustachio.
Eustachio is heavily wounded.
You block Eustachio's attack.
You completely miss Eustachio.
Eustachio is heavily wounded.
You block the iron imp's attack.
You barely miss Eustachio.
Eustachio is heavily wounded.
Eustachio hits you with a +0 rapier.
You closely miss Eustachio.
Eustachio is heavily wounded.
You feel very mighty all of a sudden.
The quasit disappears in a puff of smoke!
The iron imp hits you. Eustachio hits you with a +0 rapier!
* * * LOW HITPOINT WARNING * * *
You hit Eustachio.
Eustachio is heavily wounded.
The iron imp shouts, "Return whence thou came, thou peeagling hedge-born bandersnitch!"
The iron imp hits you!
You die...

*,,,*,,*#.....###..
******,,,**,,...........
****,,,**,,,,*,,##...###...
****,,,,........#*,,#.........
*,,,,,,,..##.?...,**..#.####..
*,,,,,*,...(ยง..o.,**..#**##...
**,,***,...b5oo#.###...###....
*,,**,,..##@5##............##
**,,,,,,...##@.###............
*,,,,<,,.####.###........##...
**,,,,,,.###..####.......##...
*,,*,,,#####..#...#....#####.
*****,** #.....##....#.# #. *,*
##...###......#### *** ##..#
#.......### #.####.......#.#
####............


You could see Eustachio, an iron imp (summoned), a white imp (summoned), 2 orcs
and a bat (summoned).

Vanquished Creatures
  A jelly (D:4)
  2 hounds (D:4)
  2 orc wizards (D:3)
  6 adders
  A white imp (D:4)
  2 ribbon worms
  3 dart slugs
  7 orcs
  7 ball pythons
  4 bats
  2 endoplasms
  5 giant cockroaches
  4 goblins
  4 hobgoblins
  3 kobolds
  4 quokkas
  3 frilled lizards
  A rat (D:1)
61 creatures vanquished.

Notes
Turn   | Place    | Note
-------+----------+-------------------------------------------
     0 | D:1      | mandarbmax the Kobold Fighter began the quest for the Orb.
     0 | D:1      | Reached XP level 1. HP: 14/14 MP: 1/1
   116 | D:1      | Found Meuhang's Antique Armour Shoppe.
   222 | D:1      | Reached skill level 3 in Short Blades
   278 | D:1      | Reached XP level 2. HP: 16/19 MP: 2/2
   805 | D:1      | Reached skill level 1 in Dodging
   805 | D:1      | Reached XP level 3. HP: 19/23 MP: 3/3
   898 | D:2      | Found Xiozak's Distillery.
   903 | D:2      | Bought a potion of curing for 42 gold pieces
   927 | D:2      | Reached XP level 4. HP: 26/28 MP: 4/4
  1024 | D:2      | Identified the +1 robe "Qiethyt" {rPois MP+9}
  1071 | D:2      | Reached skill level 4 in Short Blades
  1326 | D:3      | Reached XP level 5. HP: 22/33 MP: 5/5
  1644 | D:3      | Found Nata's Weapon Boutique.
  2002 | D:4      | Found a sacrificial altar of Ru.
  2020 | D:4      | Reached skill level 5 in Short Blades
  2020 | D:4      | Reached XP level 6. HP: 16/38 MP: 6/6
  2303 | D:4      | Found Gugidoa's Antique Armour Boutique.
  2309 | D:4      | Bought a helmet for 135 gold pieces
  2378 | D:4      | Found an opulent altar of Gozag.
  2509 | D:4      | Noticed Eustachio
  2584 | D:4      | Slain by an iron imp

Illustrated notes

Levels and vault maps discovered:
D:1:      sevenhm_arrival_forest_fort_large_2, layout_loops_cross, serial_shops,
          shop
D:2:      layout_rooms, serial_shops, shop
D:3:      layout_rooms, serial_shops, shop_fountains
D:4:      layout_cave_pools, grunt_gozag_statues,
          nicolae_overflow_hidden_temple, serial_shops, shop, uniq_eustachio,
          uniq_crazy_yiuf_cottage

Skill      XL: |  1  2  3  4  5  6 |
---------------+-------------------+-----
Short Blades   | 3 4 5 |  5.9
Dodging        | 1 2 3 |  3.0
Shields        | 3 |  3.0
Armour         | 3 |  3.0
Fighting       | 4 |  4.0

Action                     |  1- 3 |  4- 6 || total
---------------------------+-------+-------++-------
  Melee: Rapier            |    78 |       ||    78
         Dagger            |       |   312 ||   312
  Throw: Dart              |       |     3 ||     3
    Use: Potion            |       |     5 ||     5
         Scroll            |       |     5 ||     5
   Stab: Sleeping          |     1 |     2 ||     3
 Armour: Scale mail        |    36 |   159 ||   195
  Dodge: Dodged            |    32 |   113 ||   145
  Block: Buckler           |    20 |    41 ||    61

Table legend: (Time is in decaauts)
 A = Elapsed time spent in this place.
 B = Non-inter-level travel time spent in this place.
 C = Inter-level travel time spent in this place.
 D = Time resting spent in this place.
 E = Time spent auto-exploring this place.
 F = Levels seen in this place.
 G = Mean time per level.
                   A        B        C        D        E       F      G
               +--------+--------+--------+--------+--------+-----+--------+
         Total |   2449 |   2372 |     77 |     33 |   1826 |   4 |  612.2 |
       Dungeon |   2449 |   2372 |     77 |     33 |   1826 |   4 |  612.2 |
               +--------+--------+--------+--------+--------+-----+--------+

Top non-repeatable levels by time:
     D:1: 842 daAuts
     D:3: 655 daAuts
     D:4: 507 daAuts
     D:2: 443 daAuts
